 Dungeon Crawl Stone Soup version 0.19.5 (webtiles) character file.

56 equalderp2856 the Scratcher (level 3, -1/18 HPs)
             Began as a Felid Fighter on Mar 11, 2017.
             Slain by a bullfrog skeleton (2 damage)
             ... on level 3 of the Dungeon.
             The game lasted 00:04:35 (2780 turns).

equalderp2856 the Scratcher (Felid Fighter)         Turns: 2780, Time: 00:04:35

Health: -1/18      AC:  3    Str: 13    XL:     3   Next: 71%
Magic:  3/3        EV: 20    Int:  9    God:
Gold:   83         SH:  0    Dex: 15    Spells: 0 memorised, 2 levels left
                                        Lives:  0   Deaths: 0

rFire  . . .     SeeInvis +       - Unarmed
rCold  . . .     Gourm    .     (armour unavailable)
rNeg   . . .     Faith    .     (shield unavailable)
rPois  .         Spirit   .     (helmet unavailable)
rElec  .         Reflect  .     (cloak unavailable)
rCorr  .         Harm     .     (gloves unavailable)
MR     .....                    (boots unavailable)
Stlth  ++........               (no amulet)
                                (no ring)
                                (no ring)

@: quick
A: no armour, no weapons or thrown items, stealth, claws 1, fangs 3, iridescent
scales 1, see invisible, carnivore 3, speed 1, low mp 1, robust 1, shaggy fur 1,
slow metabolism 1, sharp paws
a: no special abilities


You were on level 3 of the Dungeon.
You were not hungry.

You visited 1 branch of the dungeon, and saw 3 of its levels.

You collected 83 gold pieces.

Inventory:

Jewellery
 g - a cursed -3 ring of protection {unknown}
 h - a +5 ring of strength {unknown}
Scrolls
 c - a scroll of enchant weapon {unknown}
 e - a scroll of fog {unknown}
 l - a scroll of immolation {unknown}
 m - 3 scrolls of identify {unknown}
 o - a scroll of remove curse {unknown}
Potions
 a - a potion of might
 n - a potion of resistance
Comestibles
 b - a meat ration
 i - a bread ration
 k - a slice of pizza


   Skills:
 + Level 3.2 Fighting
 + Level 4.6 Dodging
 + Level 0.8 Stealth
 + Level 4.9 Unarmed Combat


You had 2 spell levels left.
You didn't know any spells.

Dungeon Overview and Level Annotations

Branches:
Dungeon (3/15)

Altars:
Fedhas


Innate Abilities, Weirdness & Mutations

You cannot wear armour.
You are incapable of wielding weapons or throwing items.
Your paws allow you to move quietly. (Stealth)
You have sharp claws.
You have razor-sharp teeth.
You have supernaturally acute eyesight. (SInv)
You are carnivorous and can eat meat at any time.
You cover ground quickly.
You are covered in fur. (AC +1)
You have a slow metabolism.
Your sharp claws are effective at attacking unaware monsters.
You are partially covered in iridescent scales. (AC +2)
Your magical capacity is low. (-10% MP)
You are robust. (+10% HP)


Message History

A hobgoblin comes into view.
Found a stone staircase leading down.
You scratch the bullfrog skeleton but do no damage.
The hobgoblin shouts!
The bullfrog skeleton misses you.
You scratch the bullfrog skeleton.
The bullfrog skeleton is lightly damaged.
The bullfrog skeleton hits you.
You barely miss the bullfrog skeleton.
The bullfrog skeleton is lightly damaged.
The bullfrog skeleton hits you.
* * * LOW HITPOINT WARNING * * *
The bullfrog skeleton closely misses you.
You scratch the bullfrog skeleton.
The bullfrog skeleton is moderately damaged.
The bullfrog skeleton hits you but does no damage.
You scratch the bullfrog skeleton.
The bullfrog skeleton is heavily damaged.
The bullfrog skeleton hits you.
You die...

.. .# . .#
. ># .##g
.# ..#.# .#
.# #.##.# .
#Z..# ##.
#@## #.##
##.# #..##
##.##
#.#.###.##
# #.##.#.##
## #.###.##
.##### #.#
### .....#
#.#
.....####.#


You could see a hobgoblin and a bullfrog skeleton.

Vanquished Creatures
  2 adders
  A dart slug (D:3)
  2 leopard geckos (D:1)
  An orc (D:3)
  3 giant cockroaches
  6 goblins (D:1)
  3 hobgoblins (D:1)
  A bat (D:1)
  4 frilled lizards (D:1)
  6 kobolds
  5 rats
34 creatures vanquished.

Notes
Turn   | Place    | Note
-------+----------+-------------------------------------------
     0 | D:1      | equalderp2856 the Felid Fighter began the quest for the Orb.
     0 | D:1      | Reached XP level 1. HP: 10/10 MP: 2/2
   400 | D:1      | Reached XP level 2. HP: 9/14 MP: 3/3
  1508 | D:1      | Reached XP level 3. HP: 17/17 MP: 4/4
  1726 | D:2      | Found a blossoming altar of Fedhas.
  2164 | D:3      | Gained mutation: Your magical capacity is low. (-10% MP) [potion of mutation]
  2164 | D:3      | Gained mutation: You are partially covered in iridescent scales. (AC +2) [potion of mutation]
  2164 | D:3      | Gained mutation: You are robust. (+10% HP) [potion of mutation]
  2780 | D:3      | Slain by a bullfrog skeleton

Action                   || total
-------------------------++-------
Melee: Unarmed           ||   114
       Bite              ||     7
  Use: Potion            ||     3
 Stab: Sleeping          ||     2
  Eat: Chunk             ||     5
Armor: Skin              ||     4
Dodge: Dodged            ||    86
